 Dungeon Crawl Stone Soup version 0.31.0-9-g3a7656b989 (webtiles) character file.

Game seed: 14655962549861747194

198 qw the Skirmisher (level 5, -3/30 HPs)
             Began as a Deep Elf Hunter on Feb 2, 2024.
             Slain by Pikel
             ... wielding a +2 whip of freezing
              (11 damage)
             ... on level 4 of the Dungeon.
             The game lasted 00:00:12 (2683 turns).

qw the Skirmisher (Deep Elf Hunter)                 Turns: 2683, Time: 00:00:12

Health: -3/30      AC:  8    Str: 10    XL:     5   Next: 47%
Magic:  7/7        EV:  9    Int: 14    God:
Gold:   171        SH:  0    Dex: 18    Spells: 4/4 levels left

rFire   . . .        a - +1 shortbow
rCold   + . .        (shield currently unavailable)
rNeg    . . .        h - +2 scale mail {rC+}
rPois   .            (no helmet)
rElec   .            (no cloak)
rCorr   .            (no gloves)
SInv    .            (no boots)
Will    .....        (no amulet)
Stlth   +            (no ring)
HPRegen 0.25/turn    (no ring)
MPRegen 0.10/turn

%: no passive effects
@: no status effects
A: no striking features
a: no special abilities


You were on level 4 of the Dungeon.
You visited 1 branch of the dungeon, and saw 4 of its levels.

You collected 171 gold pieces.


   Skills:
 + Level 1.6 Fighting
 - Level 9.0 Ranged Weapons
 - Level 2.4 Dodging
 - Level 1.2 Stealth


You had 4 spell levels left.
You didn't know any spells.
Your spell library was empty.

Inventory:

Hand Weapons
 a - a +1 shortbow (weapon)
Armour
 h - a +2 scale mail of cold resistance (worn)
Jewellery
 c - a ring of fire
Scrolls
 b - a scroll of summoning {unknown}
Potions
 f - 3 potions of curing

Dungeon Overview and Level Annotations

Branches:
Dungeon (4/15)
 Temple: D:4-7

Altars:
Fedhas

Shops:
D:1 ?

Annotations:
D:4 Pikel


Message History

Pikel is heavily wounded.
Pikel barely misses you.
You shoot an arrow. The arrow hits Pikel.
Pikel is heavily wounded.
Pikel hits you with a +2 whip of freezing.
Pikel hits you but does no damage.
You shoot an arrow.
The arrow hits Pikel but does no damage.
Pikel is heavily wounded.
Pikel hits you with a +2 whip of freezing.
Pikel freezes you.
A lemure comes into view.
2678 ||| DRINKING potion of heal wounds.
You feel much better. Pikel barely misses you.
You shoot an arrow.
The arrow hits Pikel but does no damage.
Pikel is heavily wounded.
Pikel hits you with a +2 whip of freezing.
You shoot an arrow. The arrow barely misses Pikel.
The arrow barely misses the lemure.
The arrow hits the ribbon worm.
The ribbon worm is moderately wounded.
Pikel says, "It's all about the gold, really."
Pikel hits you with a +2 whip of freezing!
Pikel freezes you.
You shoot an arrow.
The arrow hits Pikel but does no damage.
Pikel is heavily wounded.
Pikel hits you with a +2 whip of freezing!
Pikel freezes you.
Pikel hits you with a +2 whip of freezing.
You shoot an arrow. The arrow hits Pikel!
Pikel is severely wounded.
Pikel hits you with a +2 whip of freezing.
You shoot an arrow.
The arrow hits Pikel but does no damage.
Pikel is severely wounded.
Pikel hits you with a +2 whip of freezing!
You die...
Pikel says, "See you in Hell!" ###..# ..... <.... ...# #.# #..##ow## #.. # #..# o55

...# #.#..#
#K# #.#..###@#
#
......#.##.#.#
#####
#..#........#
.....
#..##...#.###
#####
#.........# #
#..##...### #
#..###.## #
#......# #
##.##### #


You could see Pikel, 2 lemures, a ribbon worm and 2 orcs.

Vanquished Creatures
  An orc priest (D:2)
  9 adders
  4 dart slugs
  5 orcs
  8 ball pythons
  2 endoplasms
  2 giant cockroaches
  5 goblins
  5 hobgoblins
  6 jackals
  3 quokkas
  6 bats
  5 frilled lizards
  9 kobolds
  12 rats
82 creatures vanquished.

Notes
Turn   | Place    | Note
-------+----------+-------------------------------------------
     0 | D:1      | qw the Deep Elf Hunter began the quest for the Orb.
     0 | D:1      | Reached XP level 1. HP: 12/12 MP: 3/3
     0 | D:1      | 0 ||| qw: Version: 0.3-a-155-g5e7d8dd
     0 | D:1      | 0 ||| qw: Game counter: 687
     0 | D:1      | 0 ||| qw: Melee chars always use a shield: true
     0 | D:1      | 0 ||| qw: God list: Okawaru
     0 | D:1      | 0 ||| qw: Allow faded altars: false
     0 | D:1      | 0 ||| qw: Do Orc after clearing Dungeon:15 true
     0 | D:1      | 0 ||| qw: Do second Lair branch before Depths: true
     0 | D:1      | 0 ||| qw: Lair rune preference: random
     0 | D:1      | 0 ||| qw: Goals: Normal
     0 | D:1      | 0 ||| PLANNING D:1-11
   134 | D:1      | Reached skill level 6 in Ranged Weapons
   134 | D:1      | Reached XP level 2. HP: 16/16 MP: 4/4
   190 | D:1      | Found a faded altar of an unknown god.
   251 | D:1      | Found Dosuonn's Magic Scroll Shoppe.
   254 | D:1      | 254 ||| SHOPLISTING scroll of enchant armour (75 gold, have
                  | 15).
   254 | D:1      | 254 ||| SHOPLISTING scroll of teleportation (30 gold, have
                  | 15).
   574 | D:1      | You fall into a shaft and drop 1 floor!
   674 | D:2      | Reached XP level 3. HP: 18/20 MP: 5/5
   711 | D:2      | Reached skill level 7 in Ranged Weapons
   794 | D:2      | 794 ||| RETREEEEATING.
   811 | D:2      | HP: 5/20 [poisoned by an adder]
   812 | D:2      | Reached XP level 4. HP: 6/25 MP: 6/6
   820 | D:2      | HP: 1/25 [orc/+0 short sword (4)]
   828 | D:2      | Reached skill level 8 in Ranged Weapons
   931 | D:2      | 931 ||| UPGRADING to +2 scale mail of cold resistance.
   941 | D:2      | 941 ||| DROPPING +0 leather armour.
   942 | D:2      | 942 ||| READING scroll labelled VIEKHL BATHIYSH.
   942 | D:2      | 942 ||| ENCHANTING +0 shortbow.
   943 | D:2      | 943 ||| READING scroll labelled DOBRAOBL ETROE.
   944 | D:2      | 944 ||| READING scroll labelled OLOWANLEUSI.
   945 | D:2      | 945 ||| READING scroll labelled NEXIKY WAO.
   946 | D:2      | 946 ||| DRINKING 2 smoky emerald potions.
   947 | D:2      | 947 ||| DROPPING scroll of butterflies.
   948 | D:2      | 948 ||| DROPPING potion of invisibility.
   950 | D:2      | 950 ||| Stepping ~*~*~tactically~*~*~ (cloud).
  1496 | D:2      | Reached XP level 5. HP: 29/29 MP: 7/7
  1654 | D:2      | 1654 ||| READING 2 scrolls labelled DURUAVEYSS.
  1654 | D:2      | 1654 ||| IDENTIFYING emerald potion
  1655 | D:2      | 1655 ||| READING scroll of identify.
  1655 | D:2      | 1655 ||| IDENTIFYING fuming brown potion
  1656 | D:2      | 1656 ||| READING scroll labelled ZARURR NIKKUI.
  1657 | D:2      | 1657 ||| READING 3 scrolls labelled QISKEM WOINOCW.
  1658 | D:2      | 1658 ||| READING scroll labelled HADIEZIYXO.
  1658 | D:2      | 1658 ||| ENCHANTING +1 shortbow.
  1659 | D:2      | 1659 ||| DROPPING 2 scrolls of fear.
  1660 | D:2      | 1660 ||| DROPPING potion of degeneration.
  2321 | D:3      | Found a blossoming altar of Fedhas.
  2370 | D:3      | Reached skill level 9 in Ranged Weapons
  2382 | D:3      | 2382 ||| READING 2 scrolls of identify.
  2382 | D:3      | 2382 ||| IDENTIFYING viscous pink potion
  2383 | D:3      | 2383 ||| READING scroll of identify.
  2383 | D:3      | 2383 ||| IDENTIFYING puce potion
  2384 | D:3      | 2384 ||| READING scroll labelled INUMENT CAORES.
  2385 | D:3      | 2385 ||| READING scroll labelled UGHUNY MIDU.
  2386 | D:3      | 2386 ||| READING scroll labelled SIGGYP RILUWN.
  2387 | D:3      | 2387 ||| READING scroll labelled RYERCH AN KUUR.
  2488 | D:3      | 2488 ||| DROPPING potion of brilliance.
  2666 | D:4      | Noticed Pikel
  2672 | D:4      | Noticed a lemure
  2677 | D:4      | HP: 7/30 [Pikel/+2 whip of freezing (5)]
  2678 | D:4      | Noticed a lemure
  2678 | D:4      | 2678 ||| DRINKING potion of heal wounds.
  2683 | D:4      | Slain by Pikel

Levels and vault maps discovered:
D:1:      dpeg_arrival_radiant, layout_rooms, shapermc_ecumenical_altar_gd,
          serial_shops, nicolae_shop_rolled_up, serial_aquarium,
          aquarium_bridge_square [aquarium_subvault_bridge,
          aquarium_subvault_bridge, aquarium_subvault_bridge,
          aquarium_subvault_balcony], aquarium_bridge_square
          [aquarium_subvault_window, aquarium_subvault_bridge,
          aquarium_subvault_window, aquarium_subvault_wall],
          aquarium_window_fake, aquarium_window_fake, aquarium_view_4
D:2:      minmay_chambers_of_twos, layout_loops_ring, chequers_jeans,
          grunt_decor_junction
D:3:      layout_loops_ring, fedhas_altar_4, chequers_arboretum,
          minmay_statues_item, minmay_fractal_squares_gapless_5
D:4:      layout_loops_ring, nicolae_ru_path_of_blood, uniq_pikel

Skill      XL: |  1  2  3  4  5 |
---------------+----------------+-----
Ranged Weapons | 6 7 8 9 |  9.0
Fighting       | |  1.6
Dodging        | |  2.4
Stealth        | |  1.2

Action                     |  1- 3 |  4- 6 || total
---------------------------+-------+-------++-------
   Fire: Shortbow          |    83 |   155 ||   238
    Use: Scroll            |       |    15 ||    15
         Potion            |       |     2 ||     2
 Armour: Leather armour    |    25 |     5 ||    30
         Scale mail        |       |    88 ||    88
  Dodge: Dodged            |    19 |    62 ||    81

Table legend:
 A = Non-vault XP
 B = Vault XP
 C = Vault XP percentage of total XP
 D = Non-vault monster count
 E = Vault monster count
 F = Vault count percentage of total count
                 A         B        C        D         E       F
            +---------+---------+-------+---------+---------+-------
      Total |     257 |      27 |   9.5 |      71 |      11 |  13.4
            +---------+---------+-------+---------+---------+-------
        D:1 |      32 |       0 |   0.0 |      18 |       0 |   0.0
        D:2 |     159 |      22 |  12.2 |      27 |       8 |  22.9
        D:3 |      58 |       5 |   7.9 |      21 |       3 |  12.5
        D:4 |       8 |       0 |   0.0 |       5 |       0 |   0.0
            +---------+---------+-------+---------+---------+-------
